 Dungeon Crawl Stone Soup version 0.31-a0-246-g8cbcc1cb85 (webtiles) character file.

Game seed: 3507437543552970920

86 cforsyth the Changeling (level 4, 0/37 (44) HPs)
             Began as an Ogre Shapeshifter on July 13, 2023.
             Slain by Crazy Yiuf
             ... wielding a +2 quarterstaff of chaos
              (12 damage)
             ... on level 3 of the Dungeon.
             The game lasted 00:01:40 (2408 turns).

cforsyth the Changeling (Ogre Shapeshifter)         Turns: 2408, Time: 00:01:40

HP:   0/37 (44)     AC:  3    Str: 21    XL:     4   Next: 49%
MP:   4/4           EV:  9    Int:  9    God:
Gold: 120           SH:  0    Dex:  9    Spells: 3/3 levels left

rFire   + .          .
                       - Unarmed
rCold   . . .        (no shield)
rNeg    . . .        a - +0 animal skin
rPois   +            (helmet currently unavailable)
rElec   .            (cloak currently unavailable)
rCorr   .            (gloves unavailable)
SInv    .            (boots unavailable)
Will    .....        (no amulet)
Stlth   +            f - ring of protection from fire
HPRegen 0.26/turn    d - ring of poison resistance
MPRegen 0.09/turn

%: no passive effects
@: beast-form, heavily drained
A: beast (slay +2), large, unfitting armour, tough skin 1
a: no special abilities


You were on level 3 of the Dungeon.
You were a hulking beast.
You visited 1 branch of the dungeon, and saw 3 of its levels.

You collected 120 gold pieces.

Inventory:

Armour
 a - a +0 animal skin (worn)
Jewellery
 d - a ring of poison resistance (right hand)
 e - a ring of resist corrosion
 f - a ring of protection from fire (left hand)
Talismans
 c - a beast talisman
Scrolls
 g - a scroll of revelation {unknown}
 h - 2 scrolls of blinking {unknown}
 i - a scroll of immolation {unknown}
 j - 3 scrolls of identify {unknown}
 k - 3 scrolls of noise {unknown}
 l - a scroll of vulnerability {unknown}
 m - 2 scrolls of fear {unknown}
 q - a scroll of fog {unknown}
Potions
 b - a potion of lignification
 n - a potion of resistance {unknown}
 o - a potion of brilliance {unknown}
 p - a potion of cancellation {unknown}


   Skills:
 - Level 2.6 Fighting
 - Level 1.7 Dodging
 + Level 3.1 Unarmed Combat
 + Level 3.8 Shapeshifting


You had 3 spell levels left.
You didn't know any spells.
Your spell library contained the following spells:

 Spells                   Type           Power      Damage    Failure   Level
 Blink                    Tloc           0%         N/A       52%         2
 Gell's Gravitas          Tloc           0%         N/A       77%         3
 Teleport Other           Tloc           0%         N/A       77%         3
 Manifold Assault         Tloc           0%         N/A       99%         4
 Dispersal                Tloc           0%         N/A       100%        6


Dungeon Overview and Level Annotations

Branches:
Dungeon (3/15)

Altars:
Kikubaaqudgha
Wu Jian

Annotations:
D:1 1 transporter
D:3 3 runed translucent doors, Crazy Yiuf; pigah's ghost, weakling OpWn


Innate Abilities, Weirdness & Mutations

You are a hulking beast.
Your limbs bulge with bestial killing power. (Slay +2)
You are too large for most types of armour.
You have tough skin. (AC +1)


Message History

No target in view!
No target in view!
Things that are here:
a +0 dagger; 2 poisoned darts; a kobold corpse Pigah's ghost turns its malevolent gaze towards you.
Could not explore, unopened runed door.
Could not explore, unopened runed door.
Could not explore, unopened runed door.
Could not explore, unopened runed door.
Could not explore, unopened runed door.
You open the door.
Crazy Yiuf shouts!
Crazy Yiuf grits, "Dawk testudinal bag!"
Crazy Yiuf closely misses you.
There is an open translucent door here.
You punch Crazy Yiuf!
Crazy Yiuf is moderately wounded.
Crazy Yiuf closely misses you.
You hit Crazy Yiuf.
Crazy Yiuf is heavily wounded.
Crazy Yiuf completely misses you.
You hit Crazy Yiuf.
Crazy Yiuf is heavily wounded.
Crazy Yiuf hits you with a +2 quarterstaff of chaos!
You barely miss Crazy Yiuf.
Crazy Yiuf is heavily wounded.
Crazy Yiuf closely misses you.
You hit Crazy Yiuf but do no damage.
Crazy Yiuf is heavily wounded.
You hit Crazy Yiuf.
Crazy Yiuf is severely wounded.
Crazy Yiuf hits you with a +2 quarterstaff of chaos!
You hit Crazy Yiuf.
Crazy Yiuf is severely wounded.
Crazy Yiuf hits you with a +2 quarterstaff of chaos.
You feel drained.
You hit Crazy Yiuf but do no damage.
Crazy Yiuf is severely wounded.
Crazy Yiuf hits you with a +2 quarterstaff of chaos!
You die...

######## .......#
.......##♣♣ ####
#####.....♣♣
♣♣#..)# ### #
#......♣♣♣♣.hg..#
#.# #
##......♣..♣#...#
#.# ##### #
##....♣.♣♣♣ ####
#.#####.... ##
###♣♣♣♣♣
#....##.### .#
#......># ## ###
##########)..######
.## #.#
#....).............
#.## #.#
#.#####.###.#######
##.######.#####(#
#.# #.# ####


You could see Crazy Yiuf.

Vanquished Creatures
  Jessica (D:3)
  An adder (D:3)
  A worm (D:3)
  2 orcs (D:3)
  2 ball pythons
  5 bats
  7 endoplasms
  2 giant cockroaches
  6 goblins
  2 hobgoblins
  2 jackals (D:1)
  2 quokkas
  2 frilled lizards (D:2)
  3 kobolds
  2 rats (D:2)
40 creatures vanquished.

Notes
Turn   | Place    | Note
-------+----------+-------------------------------------------
     0 | D:1      | cforsyth the Ogre Shapeshifter began the quest for the Orb.
     0 | D:1      | Reached XP level 1. HP: 22/22 MP: 1/1
   210 | D:1      | Reached XP level 2. HP: 29/29 MP: 2/2
   863 | D:2      | Reached XP level 3. HP: 35/36 MP: 3/3
  1002 | D:2      | Found an ancient bone altar of Kikubaaqudgha.
  1260 | D:2      | Found a faded altar of an unknown god.
  1608 | D:3      | Found a runed translucent gate.
  1608 | D:3      | Noticed pigah's ghost (weakling OpWn)
  1611 | D:3      | Found a runed translucent gate.
  1611 | D:3      | Found a runed translucent gate.
  1808 | D:3      | Noticed Jessica
  1814 | D:3      | Killed Jessica
  1815 | D:3      | Reached XP level 4. HP: 33/44 MP: 4/4
  2209 | D:3      | Found a runed translucent door.
  2210 | D:3      | Noticed Crazy Yiuf
  2278 | D:3      | Found an ornate altar of the Wu Jian Council.
  2408 | D:3      | Slain by Crazy Yiuf

Illustrated notes

Levels and vault maps discovered:
D:1:      spicycebolla_arrival_risky_transporter, layout_loops_ring,
          nrook_loot_triangle
D:2:      layout_basic, shapermc_ecumenical_altar_ellora, basic_altar
D:3:      minmay_angry_zag, layout_loops_ring, mainiacjoe_overflow_tiny_flanked,
          ebering_ghost_rock_garden, uniq_jessica, uniq_crazy_yiuf_cottage

Skill      XL: |  1  2  3 |
---------------+----------+-----
Unarmed Combat | 2 3 |  3.1
Fighting       | |  2.6
Dodging        | |  1.7
Shapeshifting  | |  3.8

Action                     |  1- 3 |  4- 6 || total
---------------------------+-------+-------++-------
  Melee: Unarmed           |    74 |    37 ||   111
         Punch             |     1 |       ||     1
   Stab: Sleeping          |     1 |       ||     1
 Armour: Animal skin       |    15 |     4 ||    19
  Dodge: Dodged            |    33 |    14 ||    47

Table legend: (Time is in decaauts)
 A = Elapsed time spent in this place.
 B = Non-inter-level travel time spent in this place.
 C = Inter-level travel time spent in this place.
 D = Time resting spent in this place.
 E = Time spent auto-exploring this place.
 F = Levels seen in this place.
 G = Mean time per level.
                   A        B        C        D        E       F      G
               +--------+--------+--------+--------+--------+-----+--------+
         Total |   2401 |   2350 |     51 |      0 |   2093 |   3 |  800.3 |
       Dungeon |   2401 |   2350 |     51 |      0 |   2093 |   3 |  800.3 |
               +--------+--------+--------+--------+--------+-----+--------+

Top non-repeatable levels by time:
     D:3: 936 daAuts
     D:1: 819 daAuts
     D:2: 645 daAuts
